Penguins vs Moose
Created - February 26, 2023 at 09:52
Goals
|
| Penguins |
2 |
2 |
1 |
5 |
| Moose |
2 |
1 |
0 |
3 |
|
Shots
|
| Penguins |
9 |
4 |
16 |
29 |
| Moose |
21 |
15 |
2 |
38 |
|
1st period
1. Penguins , Evan Rodrigues 21 (Dakota Mermis 12, John Marino 11) at 5:11
2. Moose , Erik Cernak 3 (Chase De Leo 19, Nikolay Goldobin 18) at 14:00 (PP)
3. Penguins , Evan Rodrigues 22 (Anthony Beauvillier 26) at 14:25
4. Moose , Julien Gauthier 9 (Nikolay Goldobin 19, Chase De Leo 20) at 17:58
Penalties :
Andy Andreoff (Wil) for Roughing (Minor) at 6:12, Evan Rodrigues (Wil) for Interference (Minor) at 12:22, Jordan Greenway (Man) for Holding (Minor) at 18:27
2nd period
5. Moose , Vinni Lettieri 1 (Ludwig Bystrom 14, Jordan Greenway 7) at 11:05
6. Penguins , John Marino 3 (Eetu Luostarinen 6) at 18:16 (SH)
7. Penguins , Iven Barbashev 19 (Victor Olofsson 21, Adam Brooks 13) at 18:24
Penalties :
Victor Olofsson (Wil) for Hooking (Minor) at 16:17
3rd period
8. Penguins , Iven Barbashev 20 (Victor Olofsson 22, Andrew O'Brien 19) at 11:35
Penalties :
Jake Leschyshyn (Man) for Interference (Minor) at 2:52, Anthony Beauvillier (Wil) for Hooking (Minor) at 6:30, Nathan Walker (Man) for Holding (Minor) at 13:19
Goalie Stats
Jeremy Swayman (Wil), 35 saves from 38 shots - (0.921), W, 10-14-1, 60:00 minutes
Brandon Halverson (Man), 24 saves from 29 shots - (0.828), L, 12-11-2, 60:00 minutes
Players Stats for Penguins
Player Name G A P +/- PIM S H SB GA TA FO MP PP MP PK MP
------------------------------------------------------------------------------------
Adam Brooks 0 1 1 2 0 0 2 0 0 0 9/18 16:31 2:53 2:24
Andrew O'Brien 0 1 1 3 0 2 3 1 1 1 0/0 27:00 4:30 4:32
Andy Andreoff 0 0 0 -1 2 1 3 0 0 0 0/0 15:08 0:11 2:50
Anthony Beauvillier 0 1 1 1 2 3 0 1 1 1 2/5 20:30 2:53 1:53
Dakota Mermis 0 1 1 -1 0 2 0 6 1 0 0/0 22:56 1:27 3:47
Danny Biega 0 0 0 1 0 0 1 1 0 0 0/0 11:43 0:00 0:32
Eetu Luostarinen 0 1 1 0 0 0 1 1 0 1 1/2 11:25 0:00 0:07
Evan Rodrigues 2 0 2 1 2 4 1 2 0 2 5/25 20:18 2:53 1:58
Gavin Bayreuther 0 0 0 2 0 1 2 0 0 3 0/0 25:23 4:30 3:18
Iven Barbashev 2 0 2 2 0 4 4 0 0 0 0/0 17:36 2:53 3:22
Jeff Malott 0 0 0 1 0 0 0 0 2 0 0/0 7:48 0:00 0:18
Jesper Boqvist 0 0 0 0 0 1 0 0 0 0 1/4 10:34 0:11 2:18
John Marino 1 1 2 0 0 3 1 4 0 0 0/0 21:47 1:27 3:01
Matthew Finn 0 0 0 1 0 0 0 0 0 1 0/0 11:11 0:00 0:00
Matthew Tkachuk 0 0 0 1 0 2 3 1 1 0 1/6 18:14 2:53 0:00
Max Gortz 0 0 0 -1 0 2 0 0 2 0 1/1 12:03 0:11 0:00
Sam Kurker 0 0 0 0 0 1 0 1 0 0 0/0 8:01 0:00 0:00
Victor Olofsson 0 2 2 2 2 3 1 0 0 1 0/0 14:13 2:53 0:00
Players Stats for Moose
Player Name G A P +/- PIM S H SB GA TA FO MP PP MP PK MP
------------------------------------------------------------------------------------
Anders Bjork 0 0 0 0 0 2 0 0 1 0 1/1 12:03 0:59 1:41
Chase De Leo 0 2 2 -1 0 4 2 0 1 0 9/13 16:24 2:58 0:00
Dylan Strome 0 0 0 0 0 0 1 0 0 1 17/23 19:45 3:32 1:35
Erik Cernak 1 0 1 -1 0 3 0 0 0 0 0/0 19:31 2:55 2:10
Jake Leschyshyn 0 0 0 -2 2 0 0 0 0 0 6/13 10:44 0:35 0:55
Jordan Greenway 0 1 1 -1 2 2 1 0 1 0 0/0 10:53 0:30 0:48
Julien Gauthier 1 0 1 -1 0 1 0 0 1 1 1/1 17:29 3:01 0:53
Juuso Valimaki 0 0 0 -1 0 0 0 0 0 3 0/0 13:50 0:00 0:03
Ludwig Bystrom 0 1 1 -1 0 0 1 3 0 0 0/0 26:39 4:40 3:44
Mathieu Joseph 0 0 0 -1 0 12 1 0 2 0 0/0 21:35 3:38 3:22
Matthew Benning 0 0 0 -1 0 1 1 1 0 0 0/0 13:50 0:00 0:03
Mirco Mueller 0 0 0 -1 0 2 1 2 0 1 0/0 26:39 4:40 3:44
Mitchell Stephens 0 0 0 0 0 0 0 0 0 1 2/3 8:53 0:00 0:00
Nathan Walker 0 0 0 -1 2 6 0 0 2 0 2/2 18:18 3:44 0:00
Nick Merkley 0 0 0 0 0 0 1 0 0 0 0/0 8:53 0:00 0:00
Nikolay Goldobin 0 2 2 -1 0 2 0 1 0 0 3/5 18:59 2:58 2:40
Roman Josi 0 0 0 -1 0 1 0 1 0 1 0/0 19:31 2:55 2:10
Vinni Lettieri 1 0 1 -1 0 2 0 0 2 0 0/0 10:04 0:50 0:00
3 Stars
1 - Iven Barbashev (Wil)
2 - Evan Rodrigues (Wil)
3 - John Marino (Wil)
Power Play
Penguins - 0 on 3 Attempt(s) - 0.00%
Moose - 1 on 4 Attempt(s) - 25.00%
Penalty Kill
Penguins - 3 on 4 Attempt(s) - 75.00%
- Score 1 goal in Penalty Kill
Moose - 3 on 3 Attempt(s) - 100.00%
- Score 0 goal in Penalty Kill
Team Stat
Penguins - Hits : 22 - Faceoff Wins : 20 - Blocked Shots : 18 - Penalty Minutes : 8
Moose - Hits : 9 - Faceoff Wins : 41 - Blocked Shots : 8 - Penalty Minutes : 6
Official
Referees : Wes McCauley and Jean Hebert
Linesman : Kory Nagy and Ryan Daisy
Game Notes
No Game Note
Finance
Level 1 -- Attendance: 1793 (89.65%) -- Ticket Income $62,755
Level 2 -- Attendance: 881 (88.10%) -- Ticket Income $13,215
Total Attendance: 2674 (89.13%)
Total Ticket Income: $75,970
Other Income: $3,798
Total Income: $79,768
Penguins
5 vs 5 Forward
Center Left Wing Right Wing Time % Phy DF OF
1 Evan Rodrigues Anthony Beauvillier Matthew Tkachuk 40 1 2 2
2 Adam Brooks Iven Barbashev Victor Olofsson 30 1 2 2
3 Eetu Luostarinen Andy Andreoff Max Gortz 20 1 2 2
4 Jesper Boqvist Jeff Malott Sam Kurker 10 1 2 2
5 vs 5 Defense
Defense Defense Time % Phy DF OF
1 Andrew O'Brien Gavin Bayreuther 40 1 2 2
2 Dakota Mermis John Marino 30 1 2 2
3 Danny Biega Matthew Finn 20 1 2 2
4 Andrew O'Brien Gavin Bayreuther 10 1 2 2
PowerPlay Forward
Center Left Wing Right Wing Time % Phy DF OF
1 Evan Rodrigues Anthony Beauvillier Matthew Tkachuk 60 1 2 2
2 Adam Brooks Iven Barbashev Victor Olofsson 40 1 2 2
PowerPlay Defense
Defense Defense Time % Phy DF OF
1 Andrew O'Brien Gavin Bayreuther 60 1 2 2
2 Dakota Mermis John Marino 40 1 2 2
Penalty Kill 4 Players Forward
Center Wing Time % Phy DF OF
1 Evan Rodrigues Andy Andreoff 60 1 2 2
2 Adam Brooks Iven Barbashev 40 1 2 2
Penalty Kill 4 Players Defense
Defense Defense Time % Phy DF OF
1 Andrew O'Brien Dakota Mermis 60 1 2 2
2 John Marino Gavin Bayreuther 40 1 2 2
Penalty Kill - 3 Players Forward
Forward Time % Phy DF OF
1 Evan Rodrigues 60 1 2 2
2 Adam Brooks 40 1 2 2
Penalty Kill - 3 Players Defense
Defense Defense Time % Phy DF OF
1 Andrew O'Brien Dakota Mermis 60 1 2 2
2 John Marino Gavin Bayreuther 40 1 2 2
4 vs 4 Forward
Center Wing Time % Phy DF OF
1 Evan Rodrigues Matthew Tkachuk 60 1 2 2
2 Adam Brooks Victor Olofsson 40 1 2 2
4 vs 4 Defense
Defense Defense Time % Phy DF OF
1 Andrew O'Brien Gavin Bayreuther 60 1 2 2
2 Dakota Mermis John Marino 40 1 2 2
Last Minutes Offensive
Center Left Wing Right Wing Defense Defense
Evan Rodrigues Andy Andreoff Matthew Tkachuk Andrew O'Brien Gavin Bayreuther
Last Minutes Defensive
Center Left Wing Right Wing Defense Defense
Evan Rodrigues Andy Andreoff Matthew Tkachuk Andrew O'Brien Dakota Mermis
Goaltenders
Starting : Jeremy Swayman
Backup : Connor Hellebyuk
Extra Forwards
Normal : Anthony Beauvillier, Iven Barbashev, Max Gortz - PP : Anthony Beauvillier, Iven Barbashev - PK : Anthony Beauvillier
Extra Defensemen
Normal : Gavin Bayreuther, Danny Biega, John Marino - PP : Gavin Bayreuther - PK : Gavin Bayreuther, Danny Biega
Penalty Shots
Andy Andreoff, Matthew Tkachuk, Victor Olofsson, Evan Rodrigues, Anthony Beauvillier
Scratches
Brett Kulak (Healthy), Brett Pollock (Healthy), Curtis Hamilton (Healthy), Denis Malgin (Healthy), Josh Ho-Sang (Healthy)
Juuso Ikonen (Healthy), Austin Strand (Healthy), Raphael Bussieres (Healthy), Steven Spinner (Healthy), German Rubtsov (Healthy)
Anthony Stolarz (Healthy)
Moose
5 vs 5 Forward
Center Left Wing Right Wing Time % Phy DF OF
1 Dylan Strome Nathan Walker Mathieu Joseph 40 1 2 2
2 Chase De Leo Nikolay Goldobin Julien Gauthier 30 1 2 2
3 Mitchell Stephens Anders Bjork Nick Merkley 15 1 2 2
4 Jake Leschyshyn Jordan Greenway Vinni Lettieri 15 1 2 2
5 vs 5 Defense
Defense Defense Time % Phy DF OF
1 Mirco Mueller Ludwig Bystrom 40 1 2 2
2 Roman Josi Erik Cernak 30 1 2 2
3 Matthew Benning Juuso Valimaki 20 1 2 2
4 Mirco Mueller Ludwig Bystrom 10 1 2 2
PowerPlay Forward
Center Left Wing Right Wing Time % Phy DF OF
1 Dylan Strome Nathan Walker Mathieu Joseph 60 1 2 2
2 Chase De Leo Nikolay Goldobin Julien Gauthier 40 1 2 2
PowerPlay Defense
Defense Defense Time % Phy DF OF
1 Mirco Mueller Ludwig Bystrom 60 1 2 2
2 Roman Josi Erik Cernak 40 1 2 2
Penalty Kill 4 Players Forward
Center Wing Time % Phy DF OF
1 Nikolay Goldobin Mathieu Joseph 60 1 2 2
2 Dylan Strome Jordan Greenway 40 1 2 2
Penalty Kill 4 Players Defense
Defense Defense Time % Phy DF OF
1 Mirco Mueller Ludwig Bystrom 60 1 2 2
2 Roman Josi Erik Cernak 40 1 2 2
Penalty Kill - 3 Players Forward
Forward Time % Phy DF OF
1 Nikolay Goldobin 60 1 2 2
2 Mathieu Joseph 40 1 2 2
Penalty Kill - 3 Players Defense
Defense Defense Time % Phy DF OF
1 Mirco Mueller Ludwig Bystrom 60 1 2 2
2 Roman Josi Erik Cernak 40 1 2 2
4 vs 4 Forward
Center Wing Time % Phy DF OF
1 Nikolay Goldobin Mathieu Joseph 60 1 2 2
2 Dylan Strome Nathan Walker 40 1 2 2
4 vs 4 Defense
Defense Defense Time % Phy DF OF
1 Mirco Mueller Ludwig Bystrom 60 1 2 2
2 Roman Josi Erik Cernak 40 1 2 2
Last Minutes Offensive
Center Left Wing Right Wing Defense Defense
Dylan Strome Nathan Walker Mathieu Joseph Mirco Mueller Ludwig Bystrom
Last Minutes Defensive
Center Left Wing Right Wing Defense Defense
Dylan Strome Nikolay Goldobin Mathieu Joseph Mirco Mueller Ludwig Bystrom
Goaltenders
Starting : Brandon Halverson
Backup : Filip Gustavsson
Extra Forwards
Normal : Dylan Strome, Anders Bjork, Julien Gauthier - PP : Julien Gauthier, Anders Bjork - PK : Julien Gauthier
Extra Defensemen
Normal : Matthew Benning, Juuso Valimaki, Roman Josi - PP : Matthew Benning - PK : Juuso Valimaki, Roman Josi
Penalty Shots
Nikolay Goldobin, Mathieu Joseph, Dylan Strome, Nathan Walker, Chase De Leo
Scratches
Lane MacDermid (Healthy), Urho Vaakanainen (Healthy), Nelson Nogier (Healthy), Jonathan Kovacevic (Healthy), Boris Katchouk (Healthy)
Josh Mahura (Healthy), Max Jones (Healthy), Nathan Bastian (Healthy), William Bitten (Healthy), Kieffer Bellows (Healthy)
Tim Gettinger (Healthy), Joey Daccord (Healthy), Karel Vejmelka (Healthy), Daniel Vladar (Healthy)
% Time on Ice - Penguins
Lines # - Real PCT - Wanted PCT - Time Play
Normal Forward
1 - 34% - 40% - 15:45
2 - 26% - 30% - 11:55
3 - 24% - 20% - 11:18
4 - 16% - 10% - 7:30
Normal Defense
1 - 36% - 40% - 16:34
2 - 37% - 30% - 17:19
3 - 24% - 20% - 11:11
4 - 3% - 10% - 1:24
PP Forward
1 - 52% - 60% - 3:04
2 - 48% - 40% - 2:53
PP Defense
1 - 76% - 60% - 4:30
2 - 24% - 40% - 1:27
PK Forward
1 - 68% - 60% - 5:11
2 - 32% - 40% - 2:24
PK Defense
1 - 60% - 60% - 4:34
2 - 40% - 40% - 3:01
PK3 Forward
1 - 0% - 60%
2 - 0% - 40%
PK3 Defense
1 - 0% - 60%
2 - 0% - 40%
44 Forward
1 - 0% - 60%
2 - 0% - 40%
44 Defense
1 - 0% - 60%
2 - 0% - 40%
Last Minute Offensive - 0:00
Last Minute Defensive - 0:00
Total
Forward - 60:00
Defense - 60:00
|
% Time on Ice - Moose
Lines # - Real PCT - Wanted PCT - Time Play
Normal Forward
1 - 32% - 40% - 14:52
2 - 29% - 30% - 13:37
3 - 19% - 15% - 8:53
4 - 20% - 15% - 9:06
Normal Defense
1 - 37% - 40% - 16:58
2 - 31% - 30% - 14:26
3 - 29% - 20% - 13:36
4 - 3% - 10% - 1:28
PP Forward
1 - 55% - 60% - 4:08
2 - 45% - 40% - 3:27
PP Defense
1 - 62% - 60% - 4:40
2 - 38% - 40% - 2:55
PK Forward
1 - 73% - 60% - 4:22
2 - 27% - 40% - 1:35
PK Defense
1 - 64% - 60% - 3:47
2 - 36% - 40% - 2:10
PK3 Forward
1 - 0% - 60%
2 - 0% - 40%
PK3 Defense
1 - 0% - 60%
2 - 0% - 40%
44 Forward
1 - 0% - 60%
2 - 0% - 40%
44 Defense
1 - 0% - 60%
2 - 0% - 40%
Last Minute Offensive - 0:00
Last Minute Defensive - 0:00
Total
Forward - 60:00
Defense - 60:00
|
Play-by-Play
1st period
0:01 of 1st period - Dylan Strome wins face-off versus Evan Rodrigues in neutral zone.
0:04 of 1st period - Wrist shot by Mathieu Joseph.
0:04 of 1st period - Stopped by Jeremy Swayman without a rebound.
0:05 of 1st period - Evan Rodrigues wins face-off versus Dylan Strome in Penguins zone.
0:10 of 1st period - Nathan Walker is hit by Matthew Tkachuk.
1:15 of 1st period - Slapshot by Erik Cernak.
1:15 of 1st period - Stopped by Jeremy Swayman with a rebound.
1:27 of 1st period - Slapshot by Mathieu Joseph.
1:27 of 1st period - Shot Blocked by Sam Kurker.
1:45 of 1st period - Backhand shot by Jordan Greenway.
1:45 of 1st period - Stopped by Jeremy Swayman with a rebound.
1:49 of 1st period - Wrist shot by Vinni Lettieri.
1:49 of 1st period - Shot Misses the Net.
1:59 of 1st period - Evan Rodrigues is hit by Matthew Benning and loses puck.
2:14 of 1st period - Snap shot by Anthony Beauvillier.
2:14 of 1st period - Stopped by Brandon Halverson without a rebound.
2:15 of 1st period - Adam Brooks wins face-off versus Chase De Leo in Moose zone.
2:16 of 1st period - Snap shot by Victor Olofsson.
2:16 of 1st period - Deflect By Mirco Mueller.
2:16 of 1st period - Stopped by Brandon Halverson with a rebound.
2:46 of 1st period - Wrist shot by Dylan Strome.
2:46 of 1st period - Shot Misses the Net.
2:48 of 1st period - Snap shot by Nathan Walker.
2:48 of 1st period - Shot Blocked by Danny Biega.
2:50 of 1st period - Slapshot by Roman Josi.
2:50 of 1st period - Shot Misses the Net.
3:22 of 1st period - Ludwig Bystrom is hit by Iven Barbashev and loses puck.
3:41 of 1st period - Andrew O'Brien is hit by Chase De Leo and loses puck.
3:50 of 1st period - Slapshot by Nikolay Goldobin.
3:50 of 1st period - Shot Misses the Net.
4:07 of 1st period - Slapshot by Roman Josi.
4:07 of 1st period - Shot Misses the Net.
4:40 of 1st period - Mitchell Stephens is hit by Adam Brooks and loses puck.
4:47 of 1st period - Slapshot by Nick Merkley.
4:47 of 1st period - Shot Misses the Net.
5:03 of 1st period - Wrist shot by Anthony Beauvillier.
5:03 of 1st period - Shot Blocked by Roman Josi.
5:05 of 1st period - Snap shot by Anthony Beauvillier.
5:05 of 1st period - Shot Misses the Net.
5:07 of 1st period - Snap shot by John Marino.
5:07 of 1st period - Stopped by Brandon Halverson with a rebound.
5:09 of 1st period - Backhand shot by Dakota Mermis.
5:09 of 1st period - Stopped by Brandon Halverson with a rebound.
5:11 of 1st period - Wrist shot by Evan Rodrigues.
5:11 of 1st period - Goal by Evan Rodrigues - Penguins : 1 - Moose : 0.
5:12 of 1st period - Dylan Strome wins face-off versus Evan Rodrigues in neutral zone.
5:19 of 1st period - Snap shot by Mathieu Joseph.
5:19 of 1st period - Stopped by Jeremy Swayman with a rebound.
5:27 of 1st period - Snap shot by Anthony Beauvillier.
5:27 of 1st period - Stopped by Brandon Halverson with a rebound.
6:12 of 1st period - Minor Penalty to Andy Andreoff for Roughing.
6:13 of 1st period - Dylan Strome wins face-off versus Evan Rodrigues in Penguins zone.
6:20 of 1st period - Snap shot by Dylan Strome.
6:20 of 1st period - Shot Misses the Net.
7:23 of 1st period - Icing by Mathieu Joseph.
7:24 of 1st period - Dylan Strome wins face-off versus Jesper Boqvist in Moose zone.
7:29 of 1st period - John Marino is hit by Mirco Mueller.
7:57 of 1st period - Nathan Walker is hit by Iven Barbashev and loses puck.
8:12 of 1st period - Penalty to Andy Andreoff is over, Andy Andreoff is back on ice.
8:16 of 1st period - Wrist shot by Evan Rodrigues.
8:16 of 1st period - Shot Blocked by Mirco Mueller.
8:18 of 1st period - Snap shot by Andy Andreoff.
8:18 of 1st period - Stopped by Brandon Halverson without a rebound.
8:19 of 1st period - Anders Bjork wins face-off versus Eetu Luostarinen in Moose zone.
8:52 of 1st period - Slapshot by Anders Bjork.
8:52 of 1st period - Stopped by Jeremy Swayman with a rebound.
9:28 of 1st period - Wrist shot by Anders Bjork.
9:28 of 1st period - Shot Misses the Net.
9:30 of 1st period - Slapshot by Matthew Benning.
9:30 of 1st period - Deflect By Jesper Boqvist.
9:30 of 1st period - Stopped by Jeremy Swayman without a rebound.
9:31 of 1st period - Dylan Strome wins face-off versus Evan Rodrigues in Penguins zone.
9:32 of 1st period - Wrist shot by Nathan Walker.
9:32 of 1st period - Stopped by Jeremy Swayman without a rebound.
9:33 of 1st period - Nathan Walker wins face-off versus Matthew Tkachuk in Penguins zone.
9:34 of 1st period - Wrist shot by Dylan Strome.
9:34 of 1st period - Shot Blocked by Evan Rodrigues.
9:46 of 1st period - Slapshot by Evan Rodrigues.
9:46 of 1st period - Shot Misses the Net.
9:48 of 1st period - Slapshot by Evan Rodrigues.
9:48 of 1st period - Stopped by Brandon Halverson without a rebound.
9:49 of 1st period - Chase De Leo wins face-off versus Adam Brooks in Moose zone.
10:15 of 1st period - Ludwig Bystrom is hit by Andrew O'Brien and loses puck.
10:40 of 1st period - Wrist shot by Nathan Walker.
10:40 of 1st period - Shot Misses the Net.
10:42 of 1st period - Snap shot by Nathan Walker.
10:42 of 1st period - Shot Misses the Net.
10:44 of 1st period - Slapshot by Mathieu Joseph.
10:44 of 1st period - Shot Misses the Net.
12:00 of 1st period - Slapshot by Ludwig Bystrom.
12:00 of 1st period - Deflect By Jake Leschyshyn.
12:00 of 1st period - Shot Blocked by Matthew Tkachuk.
12:00 of 1st period - Puck is out of play.
12:01 of 1st period - Evan Rodrigues wins face-off versus Chase De Leo in Penguins zone.
12:22 of 1st period - Minor Penalty to Evan Rodrigues for Interference.
12:23 of 1st period - Dylan Strome wins face-off versus Anthony Beauvillier in Penguins zone.
12:38 of 1st period - Slapshot by Mathieu Joseph.
12:38 of 1st period - Stopped by Jeremy Swayman without a rebound.
12:39 of 1st period - Dylan Strome wins face-off versus Anthony Beauvillier in Penguins zone.
13:07 of 1st period - Andrew O'Brien is hit by Mathieu Joseph and loses puck.
13:42 of 1st period - Snap shot by Mathieu Joseph.
13:42 of 1st period - Stopped by Jeremy Swayman with a rebound.
13:44 of 1st period - Wrist shot by Mathieu Joseph.
13:44 of 1st period - Stopped by Jeremy Swayman with a rebound.
13:46 of 1st period - Slapshot by Mirco Mueller.
13:46 of 1st period - Shot Blocked by John Marino.
13:48 of 1st period - Snap shot by Nathan Walker.
13:48 of 1st period - Shot Blocked by John Marino.
13:50 of 1st period - Backhand shot by Mathieu Joseph.
13:50 of 1st period - Stopped by Jeremy Swayman with a rebound.
13:52 of 1st period - Slapshot by Mirco Mueller.
13:52 of 1st period - Stopped by Jeremy Swayman with a rebound.
13:54 of 1st period - Slapshot by Mathieu Joseph.
13:54 of 1st period - Stopped by Jeremy Swayman without a rebound.
13:55 of 1st period - Chase De Leo wins face-off versus Anthony Beauvillier in Penguins zone.
13:58 of 1st period - Snap shot by Chase De Leo.
13:58 of 1st period - Stopped by Jeremy Swayman with a rebound.
14:00 of 1st period - Slapshot by Erik Cernak.
14:00 of 1st period - Goal by Erik Cernak - Penguins : 1 - Moose : 1.
14:01 of 1st period - Chase De Leo wins face-off versus Evan Rodrigues in neutral zone.
14:09 of 1st period - Wrist shot by Nikolay Goldobin.
14:09 of 1st period - Shot Misses the Net.
14:11 of 1st period - Slapshot by Julien Gauthier.
14:11 of 1st period - Shot Blocked by Evan Rodrigues.
14:13 of 1st period - Wrist shot by Nikolay Goldobin.
14:13 of 1st period - Stopped by Jeremy Swayman without a rebound.
14:14 of 1st period - Chase De Leo wins face-off versus Evan Rodrigues in Penguins zone.
14:15 of 1st period - Wrist shot by Nikolay Goldobin.
14:15 of 1st period - Deflect By Julien Gauthier.
14:15 of 1st period - Shot Misses the Net.
14:15 of 1st period - Puck is out of play.
14:16 of 1st period - Chase De Leo wins face-off versus Matthew Tkachuk in Penguins zone.
14:25 of 1st period - Snap shot by Evan Rodrigues.
14:25 of 1st period - Goal by Evan Rodrigues - Penguins : 2 - Moose : 1.
14:26 of 1st period - Adam Brooks wins face-off versus Dylan Strome in neutral zone.
14:37 of 1st period - Slapshot by Iven Barbashev.
14:37 of 1st period - Shot Misses the Net.
15:00 of 1st period - Wrist shot by Nathan Walker.
15:00 of 1st period - Stopped by Jeremy Swayman without a rebound.
15:01 of 1st period - Chase De Leo wins face-off versus Evan Rodrigues in Penguins zone.
15:14 of 1st period - Snap shot by Matthew Tkachuk.
15:14 of 1st period - Shot Blocked by Nikolay Goldobin.
15:16 of 1st period - Snap shot by Matthew Tkachuk.
15:16 of 1st period - Shot Misses the Net.
15:41 of 1st period - Wrist shot by Chase De Leo.
15:41 of 1st period - Stopped by Jeremy Swayman with a rebound.
15:43 of 1st period - Snap shot by Chase De Leo.
15:43 of 1st period - Shot Misses the Net.
15:45 of 1st period - Snap shot by Chase De Leo.
15:45 of 1st period - Shot Misses the Net.
15:47 of 1st period - Snap shot by Nikolay Goldobin.
15:47 of 1st period - Shot Misses the Net.
16:33 of 1st period - Snap shot by Chase De Leo.
16:33 of 1st period - Shot Blocked by Eetu Luostarinen.
16:35 of 1st period - Snap shot by Chase De Leo.
16:35 of 1st period - Shot Misses the Net.
16:37 of 1st period - Snap shot by Chase De Leo.
16:37 of 1st period - Stopped by Jeremy Swayman with a rebound.
17:22 of 1st period - Wrist shot by Chase De Leo.
17:22 of 1st period - Stopped by Jeremy Swayman with a rebound.
17:24 of 1st period - Slapshot by Ludwig Bystrom.
17:24 of 1st period - Shot Misses the Net.
17:54 of 1st period - Snap shot by Chase De Leo.
17:54 of 1st period - Shot Misses the Net.
17:56 of 1st period - Snap shot by Nikolay Goldobin.
17:56 of 1st period - Shot Misses the Net.
17:58 of 1st period - Wrist shot by Julien Gauthier.
17:58 of 1st period - Goal by Julien Gauthier - Penguins : 2 - Moose : 2.
17:59 of 1st period - Dylan Strome wins face-off versus Matthew Tkachuk in neutral zone.
18:27 of 1st period - Minor Penalty to Jordan Greenway for Holding.
18:28 of 1st period - Dylan Strome wins face-off versus Evan Rodrigues in Moose zone.
19:02 of 1st period - Off-side.
19:03 of 1st period - Adam Brooks wins face-off versus Jake Leschyshyn in neutral zone.
19:23 of 1st period - Mathieu Joseph is hit by Adam Brooks and loses puck.
19:58 of 1st period - Slapshot by Gavin Bayreuther.
19:58 of 1st period - Deflect By Victor Olofsson.
19:58 of 1st period - Shot Blocked by Ludwig Bystrom.
19:58 of 1st period - Puck is out of play.
19:59 of 1st period - Evan Rodrigues wins face-off versus Jake Leschyshyn in Moose zone.
Goals for this period are 2 for Penguins vs 2 for Moose.
Shots for this period are 9 for Penguins vs 21 for Moose.
2nd period
0:01 of 2nd period - Evan Rodrigues wins face-off versus Nikolay Goldobin in neutral zone.
0:04 of 2nd period - Snap shot by Gavin Bayreuther.
0:04 of 2nd period - Shot Blocked by Mirco Mueller.
0:06 of 2nd period - Wrist shot by Andrew O'Brien.
0:06 of 2nd period - Stopped by Brandon Halverson with a rebound.
0:12 of 2nd period - Snap shot by Matthew Tkachuk.
0:12 of 2nd period - Shot Blocked by Ludwig Bystrom.
0:26 of 2nd period - Mirco Mueller is hit by Andrew O'Brien and loses puck.
0:27 of 2nd period - Penalty to Jordan Greenway is over, Jordan Greenway is back on ice.
0:35 of 2nd period - Snap shot by Nikolay Goldobin.
0:35 of 2nd period - Stopped by Jeremy Swayman with a rebound.
0:37 of 2nd period - Backhand shot by Erik Cernak.
0:37 of 2nd period - Stopped by Jeremy Swayman without a rebound.
0:38 of 2nd period - Anthony Beauvillier wins face-off versus Jake Leschyshyn in Penguins zone.
2:07 of 2nd period - Off-side.
2:08 of 2nd period - Jake Leschyshyn wins face-off versus Adam Brooks in neutral zone.
2:23 of 2nd period - Snap shot by Vinni Lettieri.
2:23 of 2nd period - Stopped by Jeremy Swayman without a rebound.
2:24 of 2nd period - Dylan Strome wins face-off versus Evan Rodrigues in Penguins zone.
2:31 of 2nd period - Slapshot by Dylan Strome.
2:31 of 2nd period - Shot Misses the Net.
2:33 of 2nd period - Wrist shot by Mathieu Joseph.
2:33 of 2nd period - Stopped by Jeremy Swayman without a rebound.
2:34 of 2nd period - Dylan Strome wins face-off versus Evan Rodrigues in Penguins zone.
2:39 of 2nd period - Wrist shot by Nathan Walker.
2:39 of 2nd period - Shot Misses the Net.
2:41 of 2nd period - Wrist shot by Nathan Walker.
2:41 of 2nd period - Deflect By Mathieu Joseph.
2:41 of 2nd period - Stopped by Jeremy Swayman without a rebound.
2:42 of 2nd period - Dylan Strome wins face-off versus Matthew Tkachuk in Penguins zone.
3:04 of 2nd period - Icing by Andrew O'Brien.
3:05 of 2nd period - Adam Brooks wins face-off versus Jake Leschyshyn in Penguins zone.
3:14 of 2nd period - Jordan Greenway is hit by Victor Olofsson and loses puck.
3:31 of 2nd period - Evan Rodrigues is hit by Dylan Strome and loses puck.
3:52 of 2nd period - Slapshot by Nikolay Goldobin.
3:52 of 2nd period - Shot Blocked by John Marino.
4:13 of 2nd period - Iven Barbashev is hit by Ludwig Bystrom.
4:43 of 2nd period - Snap shot by Andy Andreoff.
4:43 of 2nd period - Deflect By Max Gortz.
4:43 of 2nd period - Stopped by Brandon Halverson without a rebound.
4:44 of 2nd period - Dylan Strome wins face-off versus Evan Rodrigues in Moose zone.
5:09 of 2nd period - Andrew O'Brien is hit by Chase De Leo.
5:15 of 2nd period - Snap shot by Victor Olofsson.
5:15 of 2nd period - Shot Blocked by Matthew Benning.
5:19 of 2nd period - Snap shot by Victor Olofsson.
5:19 of 2nd period - Shot Misses the Net.
6:53 of 2nd period - Wrist shot by Jeff Malott.
6:53 of 2nd period - Shot Misses the Net.
7:09 of 2nd period - Erik Cernak is hit by Danny Biega and loses puck.
7:20 of 2nd period - Slapshot by Max Gortz.
7:20 of 2nd period - Shot Misses the Net.
8:29 of 2nd period - Roman Josi is hit by Andy Andreoff and loses puck.
8:37 of 2nd period - Icing by Jordan Greenway.
8:38 of 2nd period - Jake Leschyshyn wins face-off versus Matthew Tkachuk in Moose zone.
8:38 of 2nd period - Jake Leschyshyn is hit by Matthew Tkachuk.
9:20 of 2nd period - Snap shot by Jordan Greenway.
9:20 of 2nd period - Stopped by Jeremy Swayman without a rebound.
9:21 of 2nd period - Dylan Strome wins face-off versus Adam Brooks in Penguins zone.
9:46 of 2nd period - Chase De Leo is hit by Andy Andreoff and loses puck.
9:59 of 2nd period - Chase De Leo is hit by Andy Andreoff and loses puck.
10:49 of 2nd period - Off-side.
10:50 of 2nd period - Jake Leschyshyn wins face-off versus Evan Rodrigues in neutral zone.
10:55 of 2nd period - Slapshot by Ludwig Bystrom.
10:55 of 2nd period - Shot Misses the Net.
11:03 of 2nd period - Slapshot by Ludwig Bystrom.
11:03 of 2nd period - Shot Blocked by Dakota Mermis.
11:05 of 2nd period - Wrist shot by Vinni Lettieri.
11:05 of 2nd period - Goal by Vinni Lettieri - Penguins : 2 - Moose : 3.
11:06 of 2nd period - Dylan Strome wins face-off versus Evan Rodrigues in neutral zone.
12:10 of 2nd period - Slapshot by Mirco Mueller.
12:10 of 2nd period - Stopped by Jeremy Swayman without a rebound.
12:11 of 2nd period - Jake Leschyshyn wins face-off versus Jesper Boqvist in Penguins zone.
12:42 of 2nd period - Snap shot by Nathan Walker.
12:42 of 2nd period - Shot Hit the Post.
13:36 of 2nd period - Wrist shot by Nathan Walker.
13:36 of 2nd period - Stopped by Jeremy Swayman with a rebound.
13:52 of 2nd period - Ludwig Bystrom is hit by Gavin Bayreuther and loses puck.
14:20 of 2nd period - Icing by Evan Rodrigues.
14:21 of 2nd period - Mitchell Stephens wins face-off versus Evan Rodrigues in Penguins zone.
14:43 of 2nd period - Snap shot by Anthony Beauvillier.
14:43 of 2nd period - Shot Misses the Net.
15:15 of 2nd period - Snap shot by Nathan Walker.
15:15 of 2nd period - Stopped by Jeremy Swayman with a rebound.
15:17 of 2nd period - Slapshot by Roman Josi.
15:17 of 2nd period - Shot Misses the Net.
15:19 of 2nd period - Slapshot by Erik Cernak.
15:19 of 2nd period - Shot Misses the Net.
15:21 of 2nd period - Slapshot by Erik Cernak.
15:21 of 2nd period - Shot Misses the Net.
15:31 of 2nd period - Wrist shot by Nathan Walker.
15:31 of 2nd period - Stopped by Jeremy Swayman with a rebound.
15:39 of 2nd period - Slapshot by Nathan Walker.
15:39 of 2nd period - Shot Blocked by John Marino.
15:41 of 2nd period - Snap shot by Nathan Walker.
15:41 of 2nd period - Stopped by Jeremy Swayman with a rebound.
15:43 of 2nd period - Slapshot by Roman Josi.
15:43 of 2nd period - Shot Blocked by Dakota Mermis.
15:45 of 2nd period - Wrist shot by Nathan Walker.
15:45 of 2nd period - Deflect By Mathieu Joseph.
15:45 of 2nd period - Stopped by Jeremy Swayman with a rebound.
15:47 of 2nd period - Slapshot by Roman Josi.
15:47 of 2nd period - Stopped by Jeremy Swayman with a rebound.
15:49 of 2nd period - Snap shot by Nathan Walker.
15:49 of 2nd period - Shot Misses the Net.
15:51 of 2nd period - Slapshot by Nathan Walker.
15:51 of 2nd period - Shot Blocked by Dakota Mermis.
16:07 of 2nd period - Wrist shot by Mathieu Joseph.
16:07 of 2nd period - Stopped by Jeremy Swayman with a rebound.
16:09 of 2nd period - Slapshot by Nathan Walker.
16:09 of 2nd period - Deflect By John Marino.
16:09 of 2nd period - Shot Misses the Net.
16:09 of 2nd period - Puck is out of play.
16:10 of 2nd period - Julien Gauthier wins face-off versus Adam Brooks in Penguins zone.
16:15 of 2nd period - Slapshot by Nikolay Goldobin.
16:15 of 2nd period - Shot Misses the Net.
16:17 of 2nd period - Minor Penalty to Victor Olofsson for Hooking.
16:18 of 2nd period - Chase De Leo wins face-off versus Adam Brooks in Penguins zone.
17:20 of 2nd period - Snap shot by Anders Bjork.
17:20 of 2nd period - Shot Misses the Net.
17:22 of 2nd period - Slapshot by Jake Leschyshyn.
17:22 of 2nd period - Shot Blocked by Dakota Mermis.
17:24 of 2nd period - Snap shot by Erik Cernak.
17:24 of 2nd period - Shot Blocked by Dakota Mermis.
18:16 of 2nd period - Slapshot by John Marino.
18:16 of 2nd period - Deflect By Ludwig Bystrom.
18:16 of 2nd period - Goal by John Marino - Penguins : 3 - Moose : 3.
18:17 of 2nd period - Penalty to Victor Olofsson is over, Victor Olofsson is back on ice.
18:17 of 2nd period - Adam Brooks wins face-off versus Jake Leschyshyn in neutral zone.
18:24 of 2nd period - Snap shot by Iven Barbashev.
18:24 of 2nd period - Goal by Iven Barbashev - Penguins : 4 - Moose : 3.
18:25 of 2nd period - Nathan Walker wins face-off versus Adam Brooks in neutral zone.
Goals for this period are 2 for Penguins vs 1 for Moose.
Shots for this period are 4 for Penguins vs 15 for Moose.
3rd period
0:01 of 3rd period - Adam Brooks wins face-off versus Dylan Strome in neutral zone.
0:09 of 3rd period - Icing by Mirco Mueller.
0:10 of 3rd period - Adam Brooks wins face-off versus Dylan Strome in Moose zone.
0:33 of 3rd period - Snap shot by Iven Barbashev.
0:33 of 3rd period - Deflect By Adam Brooks.
0:33 of 3rd period - Shot Misses the Net.
0:33 of 3rd period - Puck is out of play.
0:34 of 3rd period - Chase De Leo wins face-off versus Evan Rodrigues in Moose zone.
2:27 of 3rd period - Wrist shot by Dylan Strome.
2:27 of 3rd period - Shot Misses the Net.
2:49 of 3rd period - Wrist shot by Iven Barbashev.
2:49 of 3rd period - Stopped by Brandon Halverson without a rebound.
2:50 of 3rd period - Jake Leschyshyn wins face-off versus Evan Rodrigues in Moose zone.
2:52 of 3rd period - Minor Penalty to Jake Leschyshyn for Interference.
2:53 of 3rd period - Matthew Tkachuk wins face-off versus Nikolay Goldobin in Moose zone.
2:59 of 3rd period - Wrist shot by Matthew Tkachuk.
2:59 of 3rd period - Stopped by Brandon Halverson without a rebound.
3:00 of 3rd period - Nikolay Goldobin wins face-off versus Evan Rodrigues in Moose zone.
3:09 of 3rd period - Ludwig Bystrom is hit by Matthew Tkachuk and loses puck.
3:14 of 3rd period - Wrist shot by Gavin Bayreuther.
3:14 of 3rd period - Deflect By Evan Rodrigues.
3:14 of 3rd period - Stopped by Brandon Halverson without a rebound.
3:15 of 3rd period - Nikolay Goldobin wins face-off versus Evan Rodrigues in Moose zone.
4:08 of 3rd period - Snap shot by Anders Bjork.
4:08 of 3rd period - Stopped by Jeremy Swayman with a rebound.
4:52 of 3rd period - Penalty to Jake Leschyshyn is over, Jake Leschyshyn is back on ice.
5:00 of 3rd period - Slapshot by Sam Kurker.
5:00 of 3rd period - Deflect By Anders Bjork.
5:00 of 3rd period - Stopped by Brandon Halverson without a rebound.
5:01 of 3rd period - Jesper Boqvist wins face-off versus Jake Leschyshyn in Moose zone.
5:12 of 3rd period - Snap shot by Jesper Boqvist.
5:12 of 3rd period - Stopped by Brandon Halverson with a rebound.
5:36 of 3rd period - Wrist shot by Max Gortz.
5:36 of 3rd period - Stopped by Brandon Halverson with a rebound.
5:58 of 3rd period - Mathieu Joseph is hit by John Marino.
6:30 of 3rd period - Minor Penalty to Anthony Beauvillier for Hooking.
6:31 of 3rd period - Chase De Leo wins face-off versus Evan Rodrigues in Penguins zone.
7:24 of 3rd period - Slapshot by Andrew O'Brien.
7:24 of 3rd period - Stopped by Brandon Halverson with a rebound.
8:09 of 3rd period - Roman Josi is hit by Evan Rodrigues and loses puck.
8:30 of 3rd period - Penalty to Anthony Beauvillier is over, Anthony Beauvillier is back on ice.
9:04 of 3rd period - Slapshot by Anthony Beauvillier.
9:04 of 3rd period - Shot Hit the Post.
10:09 of 3rd period - Dylan Strome is hit by Eetu Luostarinen and loses puck.
10:48 of 3rd period - Slapshot by John Marino.
10:48 of 3rd period - Stopped by Brandon Halverson without a rebound.
10:49 of 3rd period - Eetu Luostarinen wins face-off versus Chase De Leo in Moose zone.
11:12 of 3rd period - Matthew Benning is hit by Gavin Bayreuther and loses puck.
11:33 of 3rd period - Wrist shot by Victor Olofsson.
11:33 of 3rd period - Stopped by Brandon Halverson with a rebound.
11:35 of 3rd period - Snap shot by Iven Barbashev.
11:35 of 3rd period - Goal by Iven Barbashev - Penguins : 5 - Moose : 3.
11:36 of 3rd period - Anthony Beauvillier wins face-off versus Dylan Strome in neutral zone.
11:45 of 3rd period - Slapshot by Matthew Tkachuk.
11:45 of 3rd period - Stopped by Brandon Halverson with a rebound.
11:47 of 3rd period - Snap shot by Anthony Beauvillier.
11:47 of 3rd period - Stopped by Brandon Halverson with a rebound.
11:49 of 3rd period - Wrist shot by Anthony Beauvillier.
11:49 of 3rd period - Shot Blocked by Ludwig Bystrom.
11:51 of 3rd period - Snap shot by Dakota Mermis.
11:51 of 3rd period - Deflect By Ludwig Bystrom.
11:51 of 3rd period - Stopped by Brandon Halverson with a rebound.
12:10 of 3rd period - Snap shot by Chase De Leo.
12:10 of 3rd period - Shot Misses the Net.
12:12 of 3rd period - Slapshot by Nikolay Goldobin.
12:12 of 3rd period - Shot Blocked by Andrew O'Brien.
12:28 of 3rd period - Nick Merkley is hit by Andrew O'Brien and loses puck.
12:41 of 3rd period - Slapshot by Nathan Walker.
12:41 of 3rd period - Shot Blocked by Anthony Beauvillier.
12:43 of 3rd period - Backhand shot by Dylan Strome.
12:43 of 3rd period - Deflect By Mathieu Joseph.
12:43 of 3rd period - Stopped by Jeremy Swayman without a rebound.
12:44 of 3rd period - Evan Rodrigues wins face-off versus Dylan Strome in Penguins zone.
13:11 of 3rd period - Roman Josi is hit by Iven Barbashev and loses puck.
13:16 of 3rd period - Snap shot by Victor Olofsson.
13:16 of 3rd period - Stopped by Brandon Halverson without a rebound.
13:17 of 3rd period - Dylan Strome wins face-off versus Adam Brooks in Moose zone.
13:19 of 3rd period - Minor Penalty to Nathan Walker for Holding.
13:20 of 3rd period - Nikolay Goldobin wins face-off versus Evan Rodrigues in Moose zone.
13:32 of 3rd period - Slapshot by Gavin Bayreuther.
13:32 of 3rd period - Stopped by Brandon Halverson with a rebound.
13:52 of 3rd period - Mathieu Joseph is hit by Iven Barbashev and loses puck.
15:19 of 3rd period - Penalty to Nathan Walker is over, Nathan Walker is back on ice.
15:19 of 3rd period - Andy Andreoff is hit by Jordan Greenway.
16:33 of 3rd period - Icing by Ludwig Bystrom.
16:34 of 3rd period - Dylan Strome wins face-off versus Jesper Boqvist in Moose zone.
18:26 of 3rd period - Wrist shot by Anders Bjork.
18:26 of 3rd period - Shot Misses the Net.
19:00 of 3rd period - Snap shot by Jordan Greenway.
19:00 of 3rd period - Shot Blocked by Dakota Mermis.
19:09 of 3rd period - Off-side.
19:10 of 3rd period - Adam Brooks wins face-off versus Chase De Leo in neutral zone.
19:14 of 3rd period - Off-side.
19:15 of 3rd period - Mitchell Stephens wins face-off versus Adam Brooks in neutral zone.
19:18 of 3rd period - Backhand shot by Matthew Benning.
19:18 of 3rd period - Deflect By Anders Bjork.
19:18 of 3rd period - Shot Misses the Net.
19:18 of 3rd period - Puck is out of play.
19:19 of 3rd period - Max Gortz wins face-off versus Mitchell Stephens in Penguins zone.
19:34 of 3rd period - Andrew O'Brien is hit by Nick Merkley and loses puck.
19:44 of 3rd period - Off-side.
19:45 of 3rd period - Adam Brooks wins face-off versus Jake Leschyshyn in neutral zone.
19:47 of 3rd period - Off-side.
19:48 of 3rd period - Jake Leschyshyn wins face-off versus Adam Brooks in neutral zone.
19:59 of 3rd period - Snap shot by Iven Barbashev.
19:59 of 3rd period - Stopped by Brandon Halverson with a rebound.
Goals for this period are 1 for Penguins vs 0 for Moose.
Shots for this period are 16 for Penguins vs 2 for Moose.